 Dungeon Crawl Stone Soup version 0.23-a0-386-g9c9d49f (webtiles) character file.

525 Amnesiac the Archer (level 7, 0/60 HPs)
             Began as a Centaur Hunter on Oct 28, 2018.
             Slain by a centaur zombie (3 damage)
             ... on level 5 of the Dungeon.
             The game lasted 00:06:22 (1314 turns).

Amnesiac the Archer (Centaur Hunter)                Turns: 1314, Time: 00:06:23

Health: 0/60       AC:  4    Str: 12 (15) XL:     7   Next: 2%
Magic:  7/7        EV:  9    Int:  7 (10) God:
Gold:   58         SH:  0    Dex:  8 (11) Spells: 6/6 levels left

rFire    . . .     SeeInvis .   b - +2 falchion (holy)
rCold    . . .     Gourm    .   (no shield)
rNeg     . . .     Faith    .   c - +0 leather armour
rPois    .         Spirit   .   (no helmet)
rElec    .         Reflect  .   (no cloak)
rCorr    .         Harm     .   (no gloves)
MR       .....                  (no barding)
Stlth    ++........             (no amulet)
HPRegen  0.20/turn              (no ring)
MPRegen  0.10/turn              j - ring of stealth

@: very quick
A: large, hooves 3, deformed body, speed 2, tough skin 3
a: no special abilities


You were on level 5 of the Dungeon.
You were not hungry.

You visited 2 branches of the dungeon, and saw 6 of its levels.

You collected 58 gold pieces.

Inventory:

Hand Weapons
 a - a +1 shortbow
 b - a +2 falchion of holy wrath (weapon)
Armour
 c - a +0 leather armour (worn)
 n - a +0 pair of gloves
Jewellery
 j - a ring of stealth (right hand)
Scrolls
 o - a scroll of teleportation {!r, unknown}
Potions
 h - a potion of berserk rage {!q, unknown}
 i - a potion of agility {!q}
 k - a potion of might {!q, unknown}
 l - a potion of resistance {!q, unknown}
Comestibles
 f - 3 rations


   Skills:
 + Level 4.6 Fighting
 * Level 9.5 Bows
 - Level 1.3 Dodging
 - Level 0.4 Stealth


You had 6 spell levels left.
You didn't know any spells.
Your spell library was empty.

Dungeon Overview and Level Annotations

Branches:
Dungeon (5/15)             Temple (1/1) D:4

Altars:
Ashenzari
Cheibriados
Dithmenos
Elyvilon
Fedhas
Hepliaklqana
Nemelex Xobeh
Ru
Trog

Annotations:
D:5 Grinder


Innate Abilities, Weirdness & Mutations

You have hooves in place of feet.
Armour fits poorly on your strangely shaped body.
You cover ground very quickly.
You have extremely tough skin. (AC +3)


Message History

You hit the crimson imp.
You kill the crimson imp!
A gnoll comes into view. It is wielding a +0 spear.
A gnoll comes into view. It is wielding a +0 whip.
The gnoll shouts! x2; You hear a shout!
You see here a giant cockroach corpse.
You see here a +0 mace.
A gnoll comes into view. It is wielding a +0 club.
A gnoll opens the door.
Grinder comes into view.
Found 13 gold pieces.
A bullfrog skeleton comes into view.
Found a potion of agility.
A bullfrog comes into view.
Found a stone staircase leading up.
Found a fizzy yellow potion.
The bullfrog croaks.
Found a ration.
You see here a fizzy yellow potion {!q}.
d - a fizzy yellow potion {!q} You see here a ration.
f - 3 rations (gained 1)
The bullfrog skeleton hits you.
* * * LOW HITPOINT WARNING * * *
The bullfrog skeleton hits you but does no damage.
You feel a little less agile now. The bullfrog skeleton hits you.
* * * LOW HITPOINT WARNING * * *
Firing (i - inventory) No suitable missiles.
Press: ? - help, Shift-Dir - straight line, f - bullfrog skeleton
Aim: a bullfrog skeleton
Okay, then.
You slash the bullfrog skeleton!
The bullfrog skeleton convulses!
The bullfrog skeleton is severely damaged.
The bullfrog skeleton hits you but does no damage.
You slash the bullfrog skeleton!
The bullfrog skeleton convulses!
You destroy the bullfrog skeleton!
You have reached level 7!
The bullfrog hits you but does no damage.
You closely miss the bullfrog. You kick the bullfrog.
The bullfrog is lightly wounded.
The bullfrog hits you.
* * * LOW HITPOINT WARNING * * *
The bullfrog hits you.
* * * LOW HITPOINT WARNING * * *
You closely miss the bullfrog.
The bullfrog is lightly wounded.
The bullfrog closely misses you. The bullfrog hits you.
* * * LOW HITPOINT WARNING * * *
A jackal comes into view.
Really quaff
d - a fizzy yellow potion {!q}?
It was a potion of degeneration {!q}.
There was something very wrong with that liquid.
You feel weakened.
You feel dopey.
You feel clumsy.
The jackal barks!
The bullfrog hits you.
* * * LOW HITPOINT WARNING * * *
The bullfrog hits you but does no damage.
A centaur zombie comes into view.
A jackal comes into view.
The jackal closely misses you. The jackal closely misses you.
The centaur zombie hits you.
You die...

### ##.. ...###+### #...
.......@.# #...
......Z..############...
........hF.........#F..#
.........#########.#.###
).....h..# #...#
...#+++#.# ##### #.# ###
##


You could see a bullfrog, a centaur zombie and 2 jackals.

Vanquished Creatures
  A hippogriff (D:2)
  A howler monkey (D:4)
  2 crimson imps
  A hound (D:4)
  An orc wizard (D:4)
  A bullfrog skeleton (D:5)
  Jessica (D:2)
  An iguana (D:5)
  5 adders (D:2)
  A shadow imp (D:5)
  2 leopard geckos
  2 orcs
  4 bats
  A giant cockroach (D:5)
  4 goblins
  5 hobgoblins
  2 jackals (D:2)
  2 kobolds
  A quokka (D:3)
  A ball python (D:2)
  3 frilled lizards
  6 rats (D:2)
48 creatures vanquished.

Notes
Turn   | Place    | Note
-------+----------+-------------------------------------------
     0 | D:1      | Amnesiac the Centaur Hunter began the quest for the Orb.
     0 | D:1      | Reached XP level 1. HP: 17/17 MP: 1/1
   152 | D:2      | Reached XP level 2. HP: 24/24 MP: 2/2
   160 | D:2      | Noticed a hippogriff
   198 | D:2      | Killed a hippogriff
   198 | D:2      | Reached skill level 7 in Bows
   198 | D:2      | Reached XP level 3. HP: 24/31 MP: 3/3
   198 | D:2      | Reached XP level 4. HP: 31/39 MP: 4/4
   198 | D:2      | Reached XP level 5. HP: 35/45 MP: 5/5
   252 | D:2      | Reached skill level 8 in Bows
   593 | D:2      | Found a faded altar of an unknown god.
   706 | D:2      | Noticed Jessica
   713 | D:2      | Killed Jessica
   713 | D:2      | Reached XP level 6. HP: 20/52 MP: 6/6
   876 | D:3      | Found a bloodstained altar of Trog.
   940 | D:4      | Found a staircase to the Ecumenical Temple.
   947 | Temple   | Entered the Ecumenical Temple
  1221 | D:4      | Reached skill level 9 in Bows
  1240 | D:5      | Entered Level 5 of the Dungeon
  1274 | D:5      | Noticed Grinder
  1302 | D:5      | Reached XP level 7. HP: 14/60 MP: 7/7
  1309 | D:5      | HP: 3/60 [bullfrog (2)]
  1314 | D:5      | Slain by a centaur zombie

Vault maps used:
D:1:      minmay_arrival_five_plusses, dk_noncrumbling_2
D:2:      chequers_ecumenical_altar_simple_redux, minmay_misc_feat_four_crosses,
          uniq_jessica
D:3:      first_ration, st_stairs_7, trog_three_pillars_becter, uniq_ijyb
D:4:      bloody_makhleb, minmay_temple_entry_hall, serial_shops, shop,
          led_sif_book
D:5:      kennysheep_mini_moat, nicolae_overflow_hidden_temple,
          minmay_fountain_box, kennysheep_windowed_goal, uniq_prince_ribbit1,
          uniq_grinder
Temple:   jpeg_temple_island

Skill      XL: |  1  2  3  4  5  6 |
---------------+-------------------+-----
Fighting       | 3 4 |  4.6
Bows           | 7 8 9 |  9.5
Dodging        | |  1.3
Stealth        | |  0.4

Action                   |  1- 3 |  4- 6 |  7- 9 || total
-------------------------+-------+-------+-------++-------
Melee: Short sword       |       |    14 |       ||    14
       Kick              |       |    14 |     1 ||    15
       Falchion          |       |    31 |     2 ||    33
 Fire: Shortbow          |    31 |    79 |       ||   110
  Use: Scroll            |       |     2 |       ||     2
       Potion            |       |     2 |     1 ||     3
Armor: Leather armour    |     3 |    23 |     2 ||    28
Dodge: Dodged            |     5 |    43 |     3 ||    51
       Rpst.: Falchion   |       |     6 |       ||     6

Table legend:
 A = Non-vault XP
 B = Vault XP
 C = Vault XP percentage of total XP
 D = Non-vault monster count
 E = Vault monster count
 F = Vault count percentage of total count
                 A         B        C        D         E       F
            +---------+---------+-------+---------+---------+-------
      Total |     709 |      41 |   5.5 |      45 |       3 |   6.2
            +---------+---------+-------+---------+---------+-------
        D:1 |       6 |       0 |   0.0 |       4 |       0 |   0.0
        D:2 |     354 |      37 |   9.5 |      26 |       1 |   3.7
        D:3 |       9 |       4 |  30.8 |       4 |       2 |  33.3
        D:4 |     196 |       0 |   0.0 |       5 |       0 |   0.0
        D:5 |     144 |       0 |   0.0 |       6 |       0 |   0.0
            +---------+---------+-------+---------+---------+-------
